 Dungeon Crawl Stone Soup version 0.31-a0-1267-gfedaa18580 (webtiles) character file.

Game seed: 9281561835541216568

279379 grandjackal the Slayer (level 19, -2/191 HPs)
             Began as a Green Draconian Gladiator on Dec 17, 2023.
             Was the Champion of Okawaru.
             Succumbed to a deep elf annihilator's poison arrow
             ... on level 3 of the Elven Halls.
             The game lasted 01:20:21 (45598 turns).

grandjackal the Slayer (Green Draconian Gladiator) Turns: 45598, Time: 01:20:22

Health: -2/191     AC: 20    Str: 24    XL:     19   Next: 65%
Magic:  30/30      EV: 27    Int:  9    God:    Okawaru [******]
Gold:   3831       SH: 19    Dex: 18    Spells: 18/18 levels left

rFire   + . .        W - +8 demon blade (heavy)
rCold   . . .        f - +0 kite shield
rNeg    + + .        (body armour unavailable)
rPois   +            J - +2 hat
rElec   +            w - +1 cloak of Starlight {*Dazzle EV+4 Stlth--}
rCorr   .            m - +2 pair of gloves
SInv    .            K - +2 pair of boots
Will    +++..        O - amulet of Anarchy {Reflect +Blink rElec rN+ Will++ SH+5} Stlth
                     u - ring of protection from fire
HPRegen 0.51/turn    Y - ring "Mashupto" {rN+ Str+5}
MPRegen 0.22/turn

%: reflection, clarity
@: lethally poisoned (-2 -> -16), studying Long Blades
A: breathe noxious fumes, AC +10, unfitting armour, stinger 1, poison
resistance, cold-blooded, horns 1, clarity
}: 2/15 runes: barnacled, gossamer
a: Breathe Noxious Fumes, Renounce Religion, Evoke Blink, Heroism, Finesse, Duel


You were on level 3 of the Elven Halls.
You worshipped Okawaru.
Okawaru was exalted by your worship.
You visited 7 branches of the dungeon, and saw 34 of its levels.
You also visited: Sewer, Bailey, Gauntlet and Ice Cave.

You collected 4421 gold pieces.
You spent 590 gold pieces at shops.

Inventory:

Hand Weapons
 W - a +8 heavy demon blade (weapon)
Missiles
 d - 37 javelins
 j - 3 throwing nets
 k - 66 boomerangs (quivered)
 S - 46 silver javelins
Armour
 f - a +0 kite shield (worn)
 m - a +2 pair of gloves (worn)
 w - the +1 cloak of Starlight (worn) {*Dazzle EV+4 Stlth--}
   (Okawaru gifted it to you on level 2 of the Lair of Beasts)

   *Dazzle:   It may blind those who miss an attack against the wearer in melee
   combat.
   EV+4:      It affects your evasion (+4).
   Stlth--:   It makes you much less stealthy.
 J - a +2 hat (worn)
 K - a +2 pair of boots (worn)
Jewellery
 g - the ring of Most {rPois rC+ Str+3 Int+6 Dex+3}
   (You found it on level 1 of the Elven Halls)

   [ring of intelligence]

   Str+3:     It affects your strength (+3).
   Int+6:     It affects your intelligence (+6).
   Dex+3:     It affects your dexterity (+3).
   rC+:       It protects you from cold.
   rPois:     It protects you from poison
 i - a ring of flight
 l - the ring of Wuipn {rElec MP-9 EV+5 Str+8 Int-3}
   (You acquired it on level 2 of the Lair of Beasts)

   [ring of evasion]

   EV+5:      It affects your evasion (+5).
   Str+8:     It affects your strength (+8).
   Int-3:     It affects your intelligence (-3).
   rElec:     It insulates you from electricity.
   MP-9:      It affects your magic capacity (-9).
 u - a ring of protection from fire (left hand)
 x - the amulet "Xyckyilu" {RegenMP rF+ rC+ Stlth+}
   (You took it off a deep elf annihilator on level 3 of the Elven Halls)

   [amulet of magic regeneration]

   RegenMP:   It increases your rate of magic regeneration.
   rF+:       It protects you from fire.
   rC+:       It protects you from cold.
   Stlth+:    It makes you more stealthy.
 H - a ring of see invisible
 M - a +4 ring of protection
 O - the amulet of Anarchy (around neck) {Reflect +Blink rElec rN+ Will++ SH+5}
   (You found it in a Gauntlet)

   [amulet of reflection]

   Reflect:   It reflects blocked missile attacks.
   rElec:     It insulates you from electricity.
   rN+:       It protects you from negative energy.
   Will++:    It greatly increases your willpower.
   +Blink:    It lets you blink.
   SH+5:      It affects your SH (+5).
 Y - the ring "Mashupto" (right hand) {rN+ Str+5}
   (You found it on level 2 of the Spider Nest)

   [ring of positive energy]

   Str+5:     It affects your strength (+5).
   rN+:       It protects you from negative energy.
Wands
 a - a wand of flame (22)
 A - a wand of digging (4)
 D - a wand of iceblast (23)
 I - a wand of light (20)
 L - a wand of mindburst (7)
 P - a wand of polymorph (12)
 T - a wand of paralysis (10)
Scrolls
 h - 3 scrolls of immolation
 n - 8 scrolls of vulnerability
 p - 8 scrolls of fog
 r - 3 scrolls of poison
 s - a scroll of silence
 y - 5 scrolls of teleportation
 B - 6 scrolls of blinking
 C - 3 scrolls of summoning
 G - 4 scrolls of fear
 Q - 3 scrolls of torment
 X - 8 scrolls of identify
Potions
 b - 2 potions of berserk rage
 c - a potion of invisibility
 e - 2 potions of cancellation
 o - 5 potions of might
 q - 16 potions of curing
 t - 9 potions of haste
 v - 8 potions of lignification
 z - 6 potions of enlightenment
 U - 5 potions of mutation
 V - 6 potions of heal wounds
 Z - 5 potions of ambrosia
Miscellaneous
 N - a lightning rod (4/4)


   Skills:
 + Level 22.1 Fighting
 - Level 14.4 Long Blades
 + Level 3.7 Throwing
 - Level 18.3 Dodging
 - Level 15.4 Shields
 + Level 14.8 Invocations
 - Level 10.4 Evocations


You had 18 spell levels left.
You didn't know any spells.
Your spell library contained the following spells:

 Spells                   Type           Power      Damage    Failure   Level
 Apportation              Tloc           0%         N/A       52%         1
 Foxfire                  Conj/Fire      0%         2x1d4     52%         1
 Sting                    Tmut/Pois      0%         1d3       52%         1
 Blink                    Tloc           0%         N/A       65%         2
 Cigotuvi's Dreadful Rot  Necr/Pois/Air  0%         N/A       65%         2
 Ensorcelled Hibernation  Hex/Ice        0%         N/A       65%         2
 Jinxbite                 Hex            0%         N/A       65%         2
 Passwall                 Tmut/Erth      0%         N/A       65%         2
 Poisonous Vapours        Pois/Air       0%         N/A       65%         2
 Static Discharge         Conj/Air       0%         3-3/arc   65%         2
 Sublimation of Blood     Necr           0%         N/A       65%         2
 Wereblood                Tmut           0%         N/A       65%         2
 Dazzling Flash           Conj/Hex       0%         N/A       87%         3
 Ignite Poison            Fire/Tmut/Pois 0%         N/A       87%         3
 Inner Flame              Hex/Fire       0%         N/A       87%         3
 Mephitic Cloud           Conj/Pois/Air  0%         N/A       87%         3
 Ozocubu's Armour         Ice            0%         N/A       87%         3
 Sigil of Binding         Hex            0%         N/A       87%         3
 Swiftness                Air            0%         N/A       87%         3
 Airstrike                Air            0%         2d(0-16)  99%         4
 Cause Fear               Hex            0%         N/A       99%         4
 Dimensional Bullseye     Hex/Tloc       0%         N/A       99%         4
 Dispel Undead            Necr           0%         3d6       99%         4
 Flame Wave               Conj/Fire      0%         2d4       99%         4
 Fulminant Prism          Conj/Hex       0%         3d5       99%         4
 Manifold Assault         Tloc           0%         N/A       99%         4
 Olgreb's Toxic Radiance  Pois           0%         N/A       99%         4
 Sticky Flame             Conj/Fire      0%         2d3       99%         4
 Agony                    Necr           0%         N/A       100%        5
 Alistair's Intoxication  Tmut/Pois      0%         N/A       100%        5
 Fireball                 Conj/Fire      0%         3d3       100%        5
 Freezing Cloud           Conj/Ice/Air   0%         6-21      100%        5
 Irradiate                Conj/Tmut      0%         3d11      100%        5
 Iskenderun's Battlesphe  Conj           0%         2d6       100%        5
 Silence                  Hex/Air        0%         N/A       100%        5
 Yara's Violent Unravell  Hex/Tmut       0%         3d3       100%        5
 Bombard                  Conj/Erth      0%         9d1       100%        6
 Eringya's Noxious Bog    Tmut/Pois      0%         4d6       100%        6
 Plasma Beam              Fire/Air       0%         2x1d10    100%        6
 Starburst                Conj/Fire      0%         6d3       100%        6
 Enfeeble                 Hex            0%         N/A       100%        7
 Orb of Destruction       Conj           0%         9d5       100%        7
 Ozocubu's Refrigeration  Ice            0%         4d7       100%        7
 Borgnjor's Revivificati  Necr           0%         N/A       100%        8
 Death's Door             Necr           0%         N/A       100%        9
 Polar Vortex             Ice            0%         N/A       100%        9
 Call Canine Familiar     Summ           Unusable   N/A       N/A         3
 Summon Guardian Golem    Hex/Summ       Unusable   N/A       N/A         3
 Summon Lightning Spire   Summ/Air       Unusable   N/A       N/A         4
 Summon Forest            Summ/Tloc      Unusable   N/A       N/A         5
 Death Channel            Necr           Unusable   N/A       N/A         6
 Simulacrum               Ice/Necr       Unusable   N/A       N/A         6
 Haunt                    Necr/Summ      Unusable   N/A       N/A         7
 Spellforged Servitor     Conj/Summ      Unusable   N/A       N/A         7
 Summon Hydra             Summ           Unusable   N/A       N/A         7
 Dragon's Call            Summ           Unusable   N/A       N/A         9

Dungeon Overview and Level Annotations

Branches:
Dungeon (15/15)            Temple (1/1) D:5            Lair (5/5) D:9
 Shoals (4/4) Lair:2       Spider (4/4) Lair:3        Slime (0/5) Lair:4
    Orc (2/2) D:12            Elf (3/3) Orc:2        Vaults (0/5) D:14
 Depths (0/4) D:15          Sewer (visited)          Bailey (visited)
  IceCv (visited)         Gauntlet (visited)

Altars:
Ashenzari
Cheibriados
Dithmenos
Elyvilon
Fedhas
Gozag
Hepliaklqana
Kikubaaqudgha
Makhleb
Nemelex Xobeh
Okawaru
Qazlal
Ru
Sif Muna
Trog
Uskayaw
Vehumet
Wu Jian
Xom
Yredelemnul
Zin
The Shining One

Shops:
D:5 :!   D:14 *   Orc:2 (((**   Elf:1 [   Elf:2 *   Shoals:1 *

Portals:
Hell: Lair:5

Annotations:
D:14 2 transporters, Xacosk's ghost, journeyman DsCK
Shoals:1 1 runed translucent door, Eheu's ghost, adept DsFi
Spider:4 Roxanne
Elf:2 3 runed translucent doors


Innate Abilities, Weirdness & Mutations

You can breathe blasts of noxious fumes.
Your lurid green scales are hard. (AC +10)
You cannot fit into any form of body armour.
Your tail ends in a venomous barb.
Your system is resistant to poisons. (rPois)
You are cold-blooded and may be slowed by cold attacks.
You have a pair of small horns on your head.
You possess an exceptional clarity of mind.


Message History

The deep elf annihilator points at you and mumbles some strange words.
The poison arrow hits you!!
You are poisoned.
You partially resist.
Items here: )) [ †.
You completely miss the deep elf annihilator.
You headbutt the deep elf annihilator.
The deep elf annihilator is severely wounded.
You feel very sick.
The deep elf annihilator gestures wildly while chanting.
The deep elf annihilator blinks!
You feel sick.
The deep elf annihilator casts a spell.
The deep elf annihilator blinks!
You feel sick.
The deep elf annihilator gestures at you while chanting.
The poison arrow hits you!
You are more poisoned.
You partially resist.
You feel very sick.
You feel very sick.
The deep elf annihilator casts a spell at you.
The crystal spear hits you!!!
You are too injured to fight recklessly!
You are too injured to fight recklessly!
You are too injured to fight recklessly!
You feel very sick.
The deep elf annihilator gestures at you while chanting.
The crystal spear hits you!!!
* * * LOW HITPOINT WARNING * * *
You feel sick.
The deep elf annihilator points at you and mumbles some strange words.
The poison arrow hits you!!
You are more poisoned.
You partially resist.
* * * LOW HITPOINT WARNING * * *
You hit the deep elf annihilator but do no damage.
You headbutt the deep elf annihilator.
The deep elf annihilator is almost dead.
You die...

#.#######..# ## #.# ##.# ##. #.#
#.# ###.. #.# #.# ##.... #.#
####'## #..... #.# ##.....##
##..... #.####.......## ##......
#....'......e.#### #.......
##'####......@.##.# #.......
##.....#..[.....#..# #.......
##..................# ##.......
##..)................# #.......#
.'...................####.....).#
##....)......)..................#
##.................)##..........
##...(..........#..##..........
##.............#####..........


You could see a deep elf annihilator (very poisoned).

Vanquished Creatures
  Mara (Spider:4)
  Nikola (Shoals:4)
  Arachne (Spider:4)
  Jorgrun (Shoals:3)
  A deep elf blademaster (Elf:3)
  Polyphemus (Shoals:4)
  3 deep elf master archers (Elf:3)
  Gastronok (D:8)
  Agnes (Spider:3)
  3 emperor scorpions (Spider:4)
  5 ghost moths
  A frost giant (IceCv)
  9 deep elf sorcerers
  An angel (Shoals:4)
  4 deep elf elementalists
  An orc warlord (Bailey)
  A quicksilver ooze (Gauntlet)
  2 broodmothers
  2 deep elf demonologists
  An apis (Shoals:4)
  4 deep elf annihilators (Elf:3)
  Azrael (Elf:2)
  2 deep elf death magi
  A spark wasp (Spider:4)
  A minotaur (Gauntlet)
  2 dire elephants (Lair:5)
  9 merfolk javelineers
  An ettin (D:15)
  Snorg (D:13)
  5 entropy weavers
  7 merfolk impalers (Shoals:4)
  Fannar (Lair:2)
  8 deep elf high priests
  Josephine (D:13)
  4 vault guards (D:14)
  6 hydras
  2 ogre magi
  A catoblepas (Shoals:4)
  3 merfolk avatars (Shoals:2)
  4 centaur warriors
  A jorogumo (Spider:1)
  A hell beast (Lair:5)
  2 boulder beetles
  4 merfolk aquamancers (Shoals:4)
  3 radroaches
  2 alligator snapping turtles (Shoals:2)
  2 satyrs
  10 two-headed ogres
  17 dancing weapons
  4 demonic crawlers
  13 death yaks
  An orc high priest (Elf:1)
  A tengu warrior (D:15)
  18 deep elf knights
  3 occultists
  2 fire crabs (Shoals:2)
  7 skysharks
  3 sun moths
  8 pharaoh ants
  2 deep trolls (Orc:1)
  3 cherubim (Shoals:4)
  8 orb spiders
  9 sea snakes
  2 lindwurms (Lair:5)
  15 deep elf archers
  5 steelbarb worms
  2 necromancers (D:15)
  26 deep elf pyromancers
  2 arcanists
  An oklob plant (Shoals:3)
  17 harpies
  2 ugly things (D:14)
  21 deep elf zephyrmancers
  4 orc knights
  13 manticores
  19 wolf spiders
  8 cyclopes
  2 orc sorcerers
  6 fauns
  2 kobold blastminers (Orc:2)
  7 merfolk sirens
  11 elephants
  2 black mambas (Lair:5)
  3 torpor snails
  Joseph (D:8)
  5 water nymphs
  17 cane toads
  An ice statue (IceCv)
  3 orange demons (Lair:5)
  Jeremiah (D:8)
  3 gargoyles
  A smoke demon (Lair:5)
  A rime drake (Lair:5)
  3 efreet
  6 yaktaurs
  4 kobold demonologists
  11 komodo dragons
  A red devil (Lair:5)
  2 ice devils (Lair:5)
  25 merfolk
  3 meliai (D:15)
  11 trolls
  Prince Ribbit (D:5)
  5 wind drakes
  9 hornets
  17 polar bears
  11 blink frogs
  Grinder (D:5)
  28 tarantellas
  10 snapping turtles
  16 dream sheep
  16 jumping spiders
  A centaur simulacrum (D:14)
  7 air elementals
  A jumping spider (shapeshifter) (D:14)
  10 slime creatures
  8 water elementals
  31 culicivoras
  7 wraiths
  A vampire (D:11)
  A fire bat (Shoals:2)
  7 fire elementals
  A wyvern (Lair:2)
  57 yaks
  5 basilisks
  Eustachio (D:6)
  A warg (Elf:1)
  Grum (D:8)
  A steam dragon (D:8)
  77 redbacks
  2 vampire mosquitoes (D:11)
  10 water moccasins
  2 acid dragons
  7 hell hounds
  Pargi (Sewer)
  2 sky beasts (D:7)
  7 black bears
  29 orc warriors
  An ice beast (D:5)
  23 ogres
  32 wolves
  9 centaurs
  A boggart (Elf:1)
  A phantom (D:6)
  2 kobold brigands
  11 bullfrogs
  A brain worm (Sewer)
  2 gnoll sergeants
  2 scorpions
  3 earth elementals
  3 howler monkeys
  5 electric eels
  5 jellies
  2 hounds
  13 orc priests
  A gnoll bouda (D:7)
  4 iguanas
  A sleepcap (D:7)
  Natasha (thrice) (D:3)
  17 orc wizards
  3 hell rats (D:9)
  24 gnolls
  4 adders
  2 river rats
  A shadow imp (D:8)
  3 white imps
  4 worms
  2 dart slugs (D:2)
  91 orcs
  11 endoplasms
  7 giant cockroaches
  21 goblins
  21 hobgoblins
  5 quokkas
  7 ball pythons
  5 bats
  6 frilled lizards
  21 kobolds
  4 rats
1274 creatures vanquished.

Vanquished Creatures (others)
  2 deep elf knights
  A deep elf zephyrmancer (Elf:1)
  3 deep elf pyromancers
  A faun (Shoals:2)
  A torpor snail (Spider:2)
  A polar bear (IceCv)
  A water elemental (Elf:1)
  3 orcs (D:15)
13 creatures vanquished.

Grand Total: 1287 creatures vanquished

Notes
Turn   | Place    | Note
-------+----------+-------------------------------------------
     0 | D:1      | grandjackal the Draconian Gladiator began the quest for the
                  | Orb.
     0 | D:1      | Reached XP level 1. HP: 17/17 MP: 1/1
     6 | D:1      | Noticed an iguana
     6 | D:1      | Noticed a brain worm
     6 | D:1      | Noticed a seven-headed hydra
     7 | D:1      | Noticed a black bear
     7 | D:1      | Noticed a killer bee
   305 | D:1      | Reached XP level 2. HP: 25/25 MP: 2/2
   895 | D:2      | Reached XP level 3. HP: 30/30 MP: 3/3
  1013 | D:2      | Reached skill level 1 in Shields
  1541 | D:2      | Reached skill level 3 in Fighting
  1541 | D:2      | Reached XP level 4. HP: 37/38 MP: 4/4
  1788 | D:3      | Noticed Natasha
  1822 | D:3      | Killed Natasha
  2103 | D:3      | Noticed Natasha
  2105 | D:3      | Found a glowing drain.
  2131 | D:3      | Killed Natasha
  2132 | D:3      | Reached XP level 5. HP: 21/45 MP: 5/5
  2236 | Sewer    | Entered a sewer
  2368 | Sewer    | Noticed Pargi
  2380 | Sewer    | Killed Pargi
  2404 | Sewer    | Reached XP level 6. HP: 52/52 MP: 6/6
  2469 | Sewer    | Reached skill level 4 in Fighting
  2670 | D:3      | Noticed Natasha
  2694 | D:3      | Killed Natasha
  2999 | D:4      | Found a stormy altar of Qazlal.
  2999 | D:4      | Found a burning altar of Makhleb.
  3000 | D:4      | Found a shimmering altar of Xom.
  3094 | D:4      | Found a hazy altar of Hepliaklqana.
  3425 | D:4      | Your scales start taking on a lurid green colour.
  3425 | D:4      | Reached XP level 7. HP: 15/60 MP: 7/7
  3425 | D:4      | Gained mutation: Your system is resistant to poisons.
                  | (rPois) [Green Draconian growth]
  4116 | D:5      | Entered Level 5 of the Dungeon
  4141 | D:5      | Reached skill level 5 in Long Blades
  4239 | D:5      | Found Kudupp's Vocational Training.
  4243 | D:5      | Noticed Prince Ribbit
  4255 | D:5      | Killed Prince Ribbit
  4256 | D:5      | Reached skill level 5 in Fighting
  4427 | D:5      | Noticed Grinder
  4437 | D:5      | Paralysed by Grinder for 4 turns
  4443 | D:5      | Paralysed by Grinder for 2 turns
  4448 | D:5      | Killed Grinder
  4449 | D:5      | Reached skill level 5 in Dodging
  4449 | D:5      | Reached XP level 8. HP: 69/69 MP: 8/8
  4861 | D:5      | Reached skill level 6 in Fighting
  4921 | D:5      | Found a snail-covered altar of Cheibriados.
  4954 | D:5      | Found a staircase to the Ecumenical Temple.
  4967 | Temple   | Entered the Ecumenical Temple
  5013 | D:5      | Reached skill level 5 in Shields
  5066 | D:5      | Found Giul's Distillery.
  5073 | D:5      | Bought a potion of enlightenment for 65 gold pieces
  5073 | D:5      | Bought a potion of berserk rage for 65 gold pieces
  5073 | D:5      | Bought a potion of invisibility for 104 gold pieces
  5650 | D:6      | Noticed Eustachio
  5664 | D:6      | Killed Eustachio
  5665 | D:6      | Reached XP level 9. HP: 77/78 MP: 9/9
  5690 | D:6      | Found a sacrificial altar of Ru.
  5982 | D:7      | Reached skill level 7 in Fighting
  6117 | D:7      | Found a glowing silver altar of Zin.
  6283 | D:7      | Found a flagged portal.
  6293 | Bailey   | Entered a bailey
  6469 | Bailey   | HP: 3/79 [orc warrior/+0 war axe (5)]
  7175 | Bailey   | Noticed an orc warlord
  7215 | Bailey   | Killed an orc warlord
  7216 | Bailey   | Reached skill level 8 in Fighting
  7216 | Bailey   | Reached XP level 10. HP: 33/88 MP: 10/10
  7500 | Bailey   | Acquired a manual of Long Blades
  7698 | D:7      | Found a hide-covered altar of Uskayaw.
  7698 | D:7      | Noticed a +0 falchion
  7698 | D:7      | Noticed a +0 falchion
  7698 | D:7      | Noticed a +0 short sword
  7699 | D:7      | Noticed a +0 short sword
  7699 | D:7      | Noticed a +0 dagger
  7700 | D:7      | Noticed a +0 spear
  7701 | D:7      | Noticed a +0 spear
  7701 | D:7      | Noticed a +0 dagger
  8276 | D:8      | Found an iron altar of Okawaru.
  8283 | D:8      | Noticed Jeremiah
  8323 | D:8      | Killed Jeremiah
  8342 | D:8      | Became a worshipper of Warmaster Okawaru
  8562 | D:8      | Noticed Grum
  8571 | D:8      | Paralysed by a hornet for 3 turns
  8578 | D:8      | Reached skill level 1 in Invocations
  8861 | D:8      | Killed Grum
  8960 | D:8      | Reached * piety under Okawaru
  9176 | D:8      | Noticed Joseph
  9203 | D:8      | Killed Joseph
  9204 | D:8      | Reached skill level 9 in Fighting
  9346 | D:8      | Noticed Gastronok
  9386 | D:8      | Killed Gastronok
  9386 | D:8      | Reached ** piety under Okawaru
  9724 | D:9      | Found a broken altar of Ashenzari.
  9734 | D:9      | Noticed a death yak
  9735 | D:9      | Noticed a death yak
  9736 | D:9      | Found a staircase to the Lair.
  9736 | D:9      | Noticed a death yak
  9886 | D:9      | Killed a death yak
  9886 | D:9      | Reached *** piety under Okawaru
  9887 | D:9      | Reached skill level 10 in Long Blades
  9887 | D:9      | Reached XP level 11. HP: 40/97 MP: 12/14
  9903 | D:8      | Killed a death yak
  9994 | D:9      | Killed a death yak
 10164 | D:9      | Reached skill level 10 in Fighting
 10238 | D:9      | Reached **** piety under Okawaru
 10239 | D:9      | Reached skill level 5 in Invocations
 10670 | D:9      | Found a sparkling altar of Nemelex Xobeh.
 10936 | D:10     | Entered Level 10 of the Dungeon
 11114 | D:10     | Found a white marble altar of Elyvilon.
 11257 | D:10     | Found an ornate altar of the Wu Jian Council.
 11635 | D:10     | Identified the ring of Xom's Amusement {Wiz rPois Dex-3
                  | Stlth+}
 11645 | D:10     | Reached ***** piety under Okawaru
 12901 | D:12     | Found a gate leading to a gauntlet.
 12908 | Gauntlet | Entered a Gauntlet
 12908 | Gauntlet | Found a transporter.
 12911 | Gauntlet | Found a transporter.
 12911 | Gauntlet | Noticed a thrashing horror
 12913 | Gauntlet | Found a transporter.
 12916 | Gauntlet | Found a transporter.
 12917 | Gauntlet | Found a transporter.
 12919 | Gauntlet | Found a transporter.
 12925 | Gauntlet | Found a transporter.
 12925 | Gauntlet | Noticed a quicksilver ooze
 12927 | Gauntlet | Found a transporter.
 12949 | Gauntlet | Noticed a green death
 12950 | Gauntlet | Noticed a ghost crab
 12952 | Gauntlet | Found a transporter.
 12952 | Gauntlet | Found a transporter.
 12956 | Gauntlet | Found a transporter.
 12971 | Gauntlet | Found a transporter.
 13007 | Gauntlet | Reached skill level 11 in Fighting
 13020 | Gauntlet | Reached XP level 12. HP: 67/110 MP: 17/17
 13090 | Gauntlet | Identified the +1 pair of boots of the Old World {Str+4
                  | Dex+2 Stlth+}
 13099 | Gauntlet | Killed a quicksilver ooze
 13099 | Gauntlet | Received a gift from Okawaru
 13100 | Gauntlet | Reached skill level 10 in Shields
 13106 | Gauntlet | Identified the amulet of Anarchy {Reflect +Blink rElec rN+
                  | Will++ SH+5}
 13147 | Gauntlet | Noticed a minotaur
 13164 | Gauntlet | Killed a minotaur
 13279 | D:12     | Found a frozen archway.
 13287 | IceCv    | Entered an ice cave
 13460 | IceCv    | Identified the +12 ice dragon scales of the Sun {Rampage
                  | rPois rF- rC++ Str+6 Stlth-}
 13479 | IceCv    | Noticed a death yak
 13480 | IceCv    | Noticed a death yak
 13492 | IceCv    | Killed a death yak
 13504 | IceCv    | Killed a death yak
 13504 | IceCv    | Received a gift from Okawaru
 13910 | IceCv    | Reached skill level 12 in Fighting
 13974 | IceCv    | Found the +1 robe of Vines {NoPotionHeal Regen++++}
 13989 | IceCv    | Noticed a death yak
 13991 | IceCv    | Noticed a death yak
 13991 | IceCv    | Noticed a frost giant
 13991 | IceCv    | Noticed a death yak
 13998 | IceCv    | Killed a death yak
 14006 | IceCv    | Killed a death yak
 14020 | IceCv    | Killed a frost giant
 14020 | IceCv    | Received a gift from Okawaru
 14029 | IceCv    | Killed a death yak
 14347 | IceCv    | Reached XP level 13. HP: 108/119 MP: 19/19
 15125 | D:12     | Found a staircase to the Orcish Mines.
 15408 | Lair:1   | Entered Level 1 of the Lair of Beasts
 15584 | Lair:1   | Received a gift from Okawaru
 16759 | Lair:2   | Reached skill level 13 in Fighting
 16843 | Lair:2   | Noticed Fannar
 16876 | Lair:2   | Reached skill level 10 in Invocations
 16908 | Lair:2   | Killed Fannar
 16908 | Lair:2   | Reached ****** piety under Okawaru
 17015 | Lair:2   | Acquired a +3 antimagic demon blade
 17015 | Lair:2   | Received a gift from Okawaru
 17022 | Lair:2   | Acquired the +1 cloak of Starlight {*Dazzle EV+4 Stlth--}
 17022 | Lair:2   | Received a gift from Okawaru
 17022 | Lair:2   | Found the +1 cloak of Starlight {*Dazzle EV+4 Stlth--}
 17184 | Lair:2   | Received a gift from Okawaru
 17696 | Lair:2   | Found a staircase to the Shoals.
 17725 | Lair:2   | Acquired the ring of Wuipn {rElec MP-9 EV+5 Str+8 Int-3}
 18447 | Lair:3   | Received a gift from Okawaru
 18525 | Lair:3   | Found a hole to the Spider Nest.
 18552 | Lair:3   | Gained mutation: Your tail ends in a venomous barb. [Green
                  | Draconian growth]
 18552 | Lair:3   | Reached XP level 14. HP: 109/130 MP: 7/22
 19721 | Lair:4   | Found a staircase to the Slime Pits.
 19961 | Lair:4   | Reached skill level 14 in Fighting
 20132 | Lair:5   | Entered Level 5 of the Lair of Beasts
 20182 | Lair:5   | Received a gift from Okawaru
 20514 | Lair:5   | Received a gift from Okawaru
 21212 | Lair:5   | Found a burning altar of Makhleb.
 21230 | Lair:5   | Reached skill level 10 in Dodging
 21414 | Lair:5   | Found a gateway to Hell.
 21736 | Orc:1    | Entered Level 1 of the Orcish Mines
 22346 | Orc:2    | Entered Level 2 of the Orcish Mines
 22373 | Orc:1    | Received a gift from Okawaru
 22512 | Orc:2    | Gained mutation: You possess an exceptional clarity of
                  | mind. [potion of mutation]
 22512 | Orc:2    | Gained mutation: You have a pair of small horns on your
                  | head. [potion of mutation]
 22515 | Orc:2    | Reached skill level 15 in Fighting
 22516 | Orc:2    | Reached XP level 15. HP: 68/141 MP: 5/24
 22910 | Orc:1    | Received a gift from Okawaru
 23034 | Orc:2    | Found a staircase to the Elven Halls.
 23059 | Orc:2    | Found Xineah's Assorted Antiques.
 23064 | Orc:2    | Found Hixoc's General Store.
 23075 | Orc:2    | Found Semuag's Antique Weapon Emporium.
 23076 | Orc:2    | Found Nestorox's Antique Weapon Emporium.
 23078 | Orc:2    | Bought a scroll of blinking for 112 gold pieces
 23252 | Orc:2    | Found Jastra Ha Pee's Antique Weapon Boutique.
 23970 | D:13     | Noticed Josephine
 23970 | D:13     | Noticed Snorg
 23985 | D:13     | Killed Josephine
 24001 | D:13     | Killed Snorg
 25039 | D:14     | Found Maolebeo's General Store.
 25048 | D:14     | Bought a scroll of fog for 72 gold pieces
 25048 | D:14     | Bought a wand of iceblast (4) for 172 gold pieces
 25148 | D:14     | Found a transporter.
 25195 | D:14     | Received a gift from Okawaru
 25297 | D:14     | Found a transporter.
 25305 | D:14     | Noticed Xacosk's ghost (journeyman DsCK)
 25307 | D:14     | Found a bloodstained altar of Trog.
 25516 | D:14     | Found a gate to the Vaults.
 25573 | D:14     | Reached skill level 16 in Fighting
 25972 | D:15     | Entered Level 15 of the Dungeon
 26226 | D:15     | Received a gift from Okawaru
 26255 | D:15     | Found a staircase to the Depths.
 26871 | D:15     | Reached skill level 15 in Shields
 27228 | Spider:1 | Entered Level 1 of the Spider Nest
 27272 | Spider:1 | Reached skill level 1 in Evocations
 27272 | Spider:1 | Received a gift from Okawaru
 27434 | Spider:1 | HP: 7/145 [entropy weaver (8)]
 27773 | Spider:1 | Reached XP level 16. HP: 108/152 MP: 8/26
 29300 | Spider:2 | Reached skill level 17 in Fighting
 29676 | Spider:2 | Identified the ring "Mashupto" {rN+ Str+5}
 30070 | Spider:2 | Received a gift from Okawaru
 30207 | Spider:3 | Reached skill level 5 in Evocations
 31532 | Spider:4 | Entered Level 4 of the Spider Nest
 31533 | Spider:4 | Noticed Mara
 31662 | Spider:4 | Noticed Agnes
 32403 | Spider:4 | Got the Discourse on Electricity
 32463 | Spider:4 | Noticed grandjackal's illusion
 32473 | Spider:4 | Killed Mara
 32473 | Spider:4 | Received a gift from Okawaru
 32805 | Spider:3 | Killed Agnes
 32813 | Spider:3 | Reached skill level 18 in Fighting
 33030 | Spider:4 | Noticed Roxanne
 33062 | Spider:4 | Received a gift from Okawaru
 33153 | Spider:3 | Reached XP level 17. HP: 30/160 MP: 9/27
 33532 | Spider:4 | Noticed Arachne
 33547 | Spider:4 | Killed Arachne
 34440 | Spider:4 | Received a gift from Okawaru
 34801 | Spider:4 | Got a gossamer rune of Zot
 35040 | Shoals:1 | Entered Level 1 of the Shoals
 35044 | Shoals:1 | Found Meisaisk's Gadget Gallery.
 35294 | Shoals:1 | Acquired a manual of Dodging
 35327 | Shoals:1 | Found a runed translucent door.
 35327 | Shoals:1 | Noticed Eheu's ghost (adept DsFi)
 35785 | Shoals:2 | Received a gift from Okawaru
 36740 | Shoals:2 | Reached skill level 19 in Fighting
 37535 | Shoals:2 | Received a gift from Okawaru
 37874 | Shoals:3 | Noticed Jorgrun
 37900 | Shoals:3 | Killed Jorgrun
 38173 | Shoals:3 | Reached skill level 10 in Evocations
 38432 | Shoals:3 | Found a bloodstained altar of Trog.
 38990 | Shoals:3 | Reached XP level 18. HP: 166/176 MP: 9/28
 39034 | Shoals:4 | Entered Level 4 of the Shoals
 39034 | Shoals:4 | Noticed Polyphemus
 39372 | Shoals:4 | Killed Polyphemus
 39415 | Shoals:4 | Received a gift from Okawaru
 39574 | Shoals:4 | Found a glowing silver altar of Zin.
 39959 | Shoals:4 | Reached skill level 15 in Dodging
 39963 | Shoals:4 | Noticed Nikola
 39983 | Shoals:4 | Killed Nikola
 40071 | Shoals:4 | Found a white marble altar of Elyvilon.
 40148 | Shoals:4 | Reached skill level 20 in Fighting
 40423 | Shoals:4 | Got a barnacled rune of Zot
 40563 | Shoals:4 | Found a glowing golden altar of the Shining One.
 40596 | Shoals:4 | Identified the +0 ring mail of Time Monsters {rN+ Str+4
                  | Int+2 Dex-3}
 40897 | Shoals:4 | Received a gift from Okawaru
 41531 | Elf:1    | Entered Level 1 of the Elven Halls
 41711 | Elf:1    | Identified the ring of Most {rPois rC+ Str+3 Int+6 Dex+3}
 41711 | Elf:1    | Identified the ring "Foefraca" {Ice Str+2}
 41741 | Elf:1    | Received a gift from Okawaru
 41837 | Elf:1    | Got the Precepts of the Ninety-Nine Interlopers
 42063 | Elf:1    | Found Xeonwism's Armour Shoppe.
 42680 | Elf:2    | Reached skill level 21 in Fighting
 42689 | Elf:2    | Received a gift from Okawaru
 42738 | Elf:2    | Found a runed translucent gate.
 42785 | Elf:2    | Found a runed translucent gate.
 42786 | Elf:2    | Found a runed translucent gate.
 42922 | Elf:2    | Reached XP level 19. HP: 188/189 MP: 29/29
 42922 | Elf:2    | Noticed a Tzitzimitl
 42975 | Elf:2    | Noticed Azrael
 42983 | Elf:2    | Killed Azrael
 42987 | Elf:2    | Paralysed by an air elemental for 1 turns
 43235 | Elf:2    | Received a gift from Okawaru
 43690 | Elf:2    | Found Ulaty's Assorted Antiques.
 43893 | Elf:3    | Entered Level 3 of the Elven Halls
 43947 | Elf:3    | Paralysed by an air elemental for 1 turns
 44658 | Elf:3    | Received a gift from Okawaru
 44980 | Elf:3    | Paralysed by an air elemental for 1 turns
 45024 | Elf:3    | Identified the +8 chain mail of the Shining Light {Harm
                  | ^Drain rC+ Dex+4}
 45041 | Elf:3    | Noticed a Brimstone Fiend
 45061 | Elf:3    | Reached skill level 22 in Fighting
 45368 | Elf:3    | Identified the +7 rapier of Moderation {freeze, ^Drain
                  | rPois rCorr Str+9}
 45373 | Elf:3    | Identified the +1 leather armour "Kavaolif" {Harm rF+ rC+
                  | Dex-2}
 45379 | Elf:3    | Identified the amulet "Xyckyilu" {RegenMP rF+ rC+ Stlth+}
 45496 | Elf:3    | Received a gift from Okawaru
 45597 | Elf:3    | HP: 1/191 [deep elf annihilator/poison arrow (18)]
 45598 | Elf:3    | Succumbed to a deep elf annihilator's poison arrow

Illustrated notes

Levels and vault maps discovered:
D:1:      onia_arrival_zoo_common, layout_basic
D:2:      layout_basic
D:3:      layout_rooms, cheibrodos_sewer_entry_sluice, minmay_diced_spiral,
          uniq_natasha
D:4:      layout_cave_pods, nicolae_hepliaklqana_hazy_memory,
          gammafunk_temple_overflow_claw,
          serial_library_regret_index_small_wings
D:5:      corexii_shack_village, layout_basic,
          mainiacjoe_overflow_small_starburst, temple_fountains, serial_shops,
          shop, minmay_misc_feat_cross, dk_vineyard_3, nicolae_shop_vocational,
          uniq_grinder, uniq_prince_ribbit1
D:6:      layout_basic, mainiacjoe_overflow_brackets, uniq_eustachio
D:7:      layout_cave_pods, nicolae_uskayaw_en_pointe, lemuel_crystal_altar,
          enter_bailey_6, minivault_23
D:8:      layout_cave_pods, amcnicky_altar_gilded, uniq_gastronok, uniq_grum,
          uniq_joseph, uniq_jeremiah
D:9:      layout_small_grid, lemuel_crystal_altar, nicolae_ashenzari_panopticon,
          dpeg_lair_monsters
D:10:     layout_loops_ring, mainiacjoe_overflow_tiny_flanked,
          nicolae_wu_jian_immortal_techniques
D:11:     layout_layer_cave
D:12:     layout_irregular_city, orc_0_dummy, portal_ice_cave_entry_pillars_2,
          gauntlet_entry_generic, kennysheep_small_square
D:13:     layout_layer_cave, uniq_josephine, uniq_snorg
D:14:     layout_loops_ring, lightli_vaults_fourway_checkpoint, serial_shops,
          shop, gammafunk_ghost_wrathful_warriors, st_stairs_13
D:15:     hangedman_depths_entry_civil_slaughter, layout_basic,
          minmay_hedge_maze
Temple:   nicolae_temple_ecumenical_triangle
Lair:1:   layout_cave_pods, serial_rivers, chequers_serial_rivers_large_b,
          chequers_serial_rivers_micro_e, chequers_serial_rivers_room_b,
          chequers_serial_rivers_small_b
Lair:2:   layout_concentric_octagons, minmay_shoals_entry_hut,
          lemuel_fruit_fields, uniq_fannar
Lair:3:   layout_cellular_growth, spider_nest_entry_webs, serial_bayou_shore_a,
          lemuel_fruit_tree
Lair:4:   layout_regular_city, slime_entry_2
Lair:5:   evil_forest, layout_gridlike, serial_bayou_lake_a
Shoals:1: layout_shoals, gammafunk_ghost_grave, nicolae_shop_gadgets
Shoals:2: layout_shoals, hangedman_shoal_volcano
Shoals:3: layout_shoals, lemuel_oklob_altar, uniq_jorgrun
Shoals:4: shoals_end_hellmonk_holy_island, uniq_nikola, uniq_polyphemus
Spider:1: layout_spider_delve, drop_trap
Spider:2: layout_spider_delve, drop_trap, nicolae_spider_cling_halls,
          hangedman_spider_tarantella_strand
Spider:3: layout_spider_delve
Spider:4: spider_rune_water, drop_trap, uniq_arachne, uniq_mara, uniq_roxanne,
          uniq_agnes
Orc:1:    layout_caves, library_closet
Orc:2:    st_orc_open, layout_caves, serial_shops, nicolae_lakefront_shop
Elf:1:    minmay_the_grid_square_5x5_4x4 [minmay_the_grid_square_5x5_detours,
          minmay_the_grid_square_5x5_beaten_path,
          minmay_the_grid_square_5x5_spiral, minmay_the_grid_square_5x5_v,
          minmay_the_grid_square_5x5_empty,
          minmay_the_grid_square_5x5_prize_pseudospiral,
          minmay_the_grid_square_5x5_prize_waves,
          minmay_the_grid_square_5x5_empty, minmay_the_grid_square_5x5_minibox,
          minmay_the_grid_square_5x5_prize_junk,
          minmay_the_grid_square_5x5_prize_rear_guard,
          minmay_the_grid_square_5x5_empty,
          minmay_the_grid_square_5x5_bracketed,
          minmay_the_grid_square_5x5_three_small,
          minmay_the_grid_square_5x5_fat_x, minmay_the_grid_square_5x5_forky],
          layout_geoelf_grid, serial_shops, shop, hangedman_elf_disciples
Elf:2:    nicolae_elf_blades_splatter_lattice
          [nicolae_blade_entry_diamond_columns], layout_loops_ring,
          serial_shops, nicolae_shop_statue_plus, grunt_megastairs_4,
          uniq_azrael
Elf:3:    minmay_elf_hall_quartered_circle, layout_gridlike

Skill      XL: |  1  2  3  4  5  6  7  8  9 10 11 12 13 14 15 16 17 18 19 |
---------------+----------------------------------------------------------+-----
Throwing       | 2 3 |  3.7
Dodging        | 3 4 5 6 7 8 10 12 14 17 18 | 18.3
Shields        | 1 2 3 4 5 7 8 9 11 12 13 15 | 15.4
Fighting       | 3 4 5 6 8 9 11 12 13 15 16 18 19 21 22 | 22.1
Long Blades    | 4 5 6 8 10 12 14 | 14.4
Invocations    | 4 6 9 10 12 14 | 14.8
Evocations     | 1 7 10 | 10.4

Action                     |  1- 3 |  4- 6 |  7- 9 | 10-12 | 13-15 | 16-18 | 19-21 || total
---------------------------+-------+-------+-------+-------+-------+-------+-------++-------
  Melee: Long sword        |   117 |   196 |   461 |   303 |       |       |       ||  1077
         Tailslap          |     9 |    22 |    81 |   183 |   353 |   418 |    52 ||  1118
         Punch             |     1 |       |       |       |       |       |       ||     1
         Rapier            |       |       |    28 |    20 |       |       |       ||    48
         Scimitar          |       |       |       |   580 |   328 |       |       ||   908
         Demon blade       |       |       |       |       |  1319 |  2112 |   282 ||  3713
         Headbutt          |       |       |       |       |   164 |   578 |    67 ||   809
  Throw: Dart              |       |     7 |     5 |    22 |       |       |       ||    34
         Throwing net      |       |       |     3 |       |       |       |       ||     3
         Boomerang         |       |       |       |       |       |       |     5 ||     5
 Invoke: Heroism           |       |       |       |     4 |     2 |     4 |       ||    10
         Finesse           |       |       |       |     1 |       |     1 |       ||     2
         Receive Weapon    |       |       |       |       |     1 |       |       ||     1
         Receive Armour    |       |       |       |       |     1 |       |       ||     1
Ability: Breathe Noxious F |       |       |     5 |    27 |    10 |     7 |     2 ||    51
         Evoke Blink       |       |       |       |       |     1 |       |       ||     1
  Evoke: Wand              |       |       |     3 |     5 |    14 |    19 |     1 ||    42
         Lightning rod     |       |       |       |       |     2 |     8 |       ||    10
    Use: Scroll            |       |     9 |     3 |     8 |    15 |     8 |     3 ||    46
         Potion            |       |       |     4 |     3 |     2 |     1 |       ||    10
   Stab: Sleeping          |     5 |     1 |     3 |     1 |       |       |       ||    10
         Confused          |       |       |     7 |    24 |     7 |     3 |     1 ||    42
         Invisible         |       |       |     4 |     1 |    28 |    96 |     4 ||   133
         Held in net/web   |       |       |     1 |       |       |       |       ||     1
         Petrifying        |       |       |       |       |       |     1 |       ||     1
 Armour: Skin              |    77 |   157 |   265 |   414 |   563 |   705 |    94 ||  2275
  Dodge: Dodged            |    84 |   189 |   258 |   418 |   843 |  1251 |   156 ||  3199
  Block: Kite shield       |       |       |   290 |   690 |  1624 |  2063 |   193 ||  4860
         Reflection        |       |       |       |       |    46 |    65 |    44 ||   155

Table legend: (Time is in decaauts)
 A = Elapsed time spent in this place.
 B = Non-inter-level travel time spent in this place.
 C = Inter-level travel time spent in this place.
 D = Time resting spent in this place.
 E = Time spent auto-exploring this place.
 F = Levels seen in this place.
 G = Mean time per level.
                   A        B        C        D        E       F      G
               +--------+--------+--------+--------+--------+-----+--------+
         Total |  44764 |  42624 |   2140 |  11324 |  20815 |  38 | 1178.0 |
       Dungeon |  15880 |  14995 |    885 |   2040 |   9596 |  15 | 1058.7 |
        Temple |     13 |     13 |      0 |      0 |      0 |   1 |   13.0 |
          Lair |   7220 |   6788 |    432 |   1688 |   4054 |   5 | 1444.0 |
        Shoals |   6072 |   5915 |    157 |   2206 |   2431 |   4 | 1518.0 |
   Spider Nest |   6512 |   6008 |    504 |   2496 |   1949 |   4 | 1628.0 |
  Orcish Mines |   1957 |   1848 |    109 |    574 |    935 |   2 |  978.5 |
   Elven Halls |   4049 |   3998 |     51 |   1197 |   1327 |   3 | 1349.7 |
         Sewer |    290 |    290 |      0 |    100 |     96 |   1 |  290.0 |
        Bailey |   1264 |   1264 |      0 |    625 |     47 |   1 | 1264.0 |
      Ice Cave |   1246 |   1246 |      0 |    365 |    372 |   1 | 1246.0 |
      Gauntlet |    256 |    256 |      0 |     32 |      6 |   1 |  256.0 |
               +--------+--------+--------+--------+--------+-----+--------+

Top non-repeatable levels by time:
Spider:3: 2881 daAuts
  Lair:3: 2054 daAuts
Shoals:3: 2006 daAuts
Shoals:2: 1707 daAuts
  Lair:2: 1629 daAuts
     D:8: 1610 daAuts
Spider:4: 1460 daAuts
   Elf:2: 1433 daAuts
  Lair:5: 1380 daAuts
   Orc:1: 1362 daAuts
Shoals:4: 1349 daAuts
   Elf:3: 1331 daAuts
   Elf:1: 1284 daAuts
  Bailey: 1264 daAuts
  Lair:1: 1262 daAuts
